 Dungeon Crawl Stone Soup version 0.29.0-4-gdea44cf6ec (webtiles) character file.

Game seed: 8538627076953358491

39 qw the Sneak (level 3, -6/23 HPs)
             Began as a Gargoyle Delver on Sept 10, 2022.
             Mangled by a gnoll bouda
             ... wielding a +0 whip
              (7 damage)
             ... on level 5 of the Dungeon.
             The game lasted 00:00:04 (264 turns).

qw the Sneak (Gargoyle Delver)                       Turns: 264, Time: 00:00:04

Health: -6/23      AC:  6    Str: 17    XL:     3   Next: 45%
Magic:  3/3        EV: 11    Int: 10    God:
Gold:   0          SH:  0    Dex: 11    Spells: 2/2 levels left

rFire   . . .      SeeInvis .   a - +0 hand axe
rCold   . . .      Faith    .   (no shield)
rNeg    + . .      Spirit   .   b - +0 leather armour
rPois   inf        Reflect  .   (no helmet)
rElec   +          Harm     .   (no cloak)
rCorr   .          Rampage  .   (no gloves)
Will    .....                   (no boots)
Stlth   +++.......              (no amulet)
HPRegen 0.07/turn               (no ring)
MPRegen 0.08/turn               (no ring)

@: no status effects
A: sickness immunity, AC +3, negative energy resistance 1, electricity
resistance, torment resistance 1, petrification resistance
a: no special abilities


You were on level 5 of the Dungeon.
You visited 1 branch of the dungeon, and saw 1 of its levels.


Innate Abilities, Weirdness & Mutations

You are immune to sickness and miasma.
Your stone body is resilient. (AC +3)
You are immune to poison.
You resist negative energy. (rN+)
You are resistant to electric shocks. (rElec)
You are resistant to unholy torment.
You are immune to petrification.


   Skills:
 - Level 3.2 Fighting
 + Level 3.4 Axes
 - Level 1.5 Dodging
 - Level 5.4 Stealth


You had 2 spell levels left.
You didn't know any spells.
Your spell library was empty.

Inventory:

Hand Weapons
 a - a +0 hand axe (weapon)
 h - a +1 flail of protection
Armour
 b - a +0 leather armour (worn)
Wands
 g - a wand of digging (3)
Scrolls
 c - a scroll of fog
 d - a scroll of magic mapping
 e - a scroll of fear
Potions
 f - a potion of haste

Dungeon Overview and Level Annotations

Branches:
Dungeon (5/15)
 Temple: D:4-7

Altars:
Dithmenos
Nemelex Xobeh


Message History

The gnoll is lightly wounded.
The gnoll hits you but does no damage.
A gnoll bouda comes into view. It is wielding a +0 whip.
You hit the gnoll.
The gnoll is moderately wounded.
The gnoll barely misses you.
The gnoll bouda barks out a call to the hunt!
The gnolls pick up the pace!
You closely miss the gnoll.
The gnoll is moderately wounded.
The gnoll barely misses you.
You hit the gnoll but do no damage.
The gnoll is moderately wounded.
A gnoll comes into view. It is wielding a +0 spear.
The gnoll barely misses you.
You hit the gnoll.
The gnoll is heavily wounded.
The gnoll hits you with a +0 whip.
You closely miss the gnoll.
The gnoll is heavily wounded.
The gnoll hits you with a +0 whip.
A gnoll comes into view. It is wielding a +0 club.
The gnoll shouts!
You slash the gnoll!
You kill the gnoll!
The gnoll bouda closely misses you.
You see here a +0 whip.
You hit the gnoll bouda.
The gnoll bouda is lightly wounded.
The gnoll bouda hits you with a +0 whip!
You barely miss the gnoll bouda. Your punch misses the gnoll bouda.
The gnoll bouda is lightly wounded.
The gnoll bouda hits you with a +0 whip.
You hit the gnoll bouda.
The gnoll bouda is moderately wounded.
The gnoll bouda hits you with a +0 whip.
You hit the gnoll bouda.
The gnoll bouda is moderately wounded.
The gnoll bouda hits you with a +0 whip!
You die...

#.....#
###'### #...#
#..## #.## #.#
#.#
############.#
...gggg@.....#
##############


You could see a gnoll bouda and 3 gnolls.

Vanquished Creatures
  A hound (D:5)
  A gnoll (D:5)
2 creatures vanquished.

Notes
Turn   | Place    | Note
-------+----------+-------------------------------------------
     0 | D:5      | qw the Gargoyle Delver began the quest for the Orb.
     0 | D:5      | Reached XP level 1. HP: 14/14 MP: 1/1
     0 | D:5      | 0 ||| qw: Version: 0.1-a-116-g5d60599
     0 | D:5      | 0 ||| qw: Game counter: 8514
     0 | D:5      | 0 ||| qw: Always use a shield: true
     0 | D:5      | 0 ||| qw: God list: Okawaru
     0 | D:5      | 0 ||| qw: Allow faded altars: false
     0 | D:5      | 0 ||| qw: Do Orc after D:15 true
     0 | D:5      | 0 ||| qw: Do second Lair branch before Depths: true
     0 | D:5      | 0 ||| qw: Lair rune preference: random
     0 | D:5      | 0 ||| qw: Plans: Normal
     0 | D:5      | 0 ||| PLANNING D:1-11
    48 | D:5      | Noticed a hound
    61 | D:5      | Killed a hound
    62 | D:5      | Reached skill level 3 in Axes
    62 | D:5      | Reached XP level 2. HP: 12/19 MP: 2/2
    62 | D:5      | Reached XP level 3. HP: 15/23 MP: 3/3
   179 | D:5      | Found a shadowy altar of Dithmenos.
   228 | D:5      | Found a sparkling altar of Nemelex Xobeh.
   263 | D:5      | HP: 1/23 [gnoll bouda/+0 whip (6)]
   264 | D:5      | Mangled by a gnoll bouda

Levels and vault maps discovered:
D:5:      layout_basic, marbit_many_paths, kennysheep_little_box, led_sif_pool

Skill      XL: |  1 |
---------------+----+-----
Axes           | 3 |  3.4
Fighting       | |  3.2
Dodging        | |  1.5
Stealth        | |  5.4

Action                   || total
-------------------------++-------
Melee: Hand axe          ||    20
Armor: Leather armour    ||     3
Dodge: Dodged            ||    14

Table legend:
 A = Non-vault XP
 B = Vault XP
 C = Vault XP percentage of total XP
 D = Non-vault monster count
 E = Vault monster count
 F = Vault count percentage of total count
                 A         B        C        D         E       F
            +---------+---------+-------+---------+---------+-------
      Total |      14 |      42 |  75.0 |       1 |       1 |  50.0
            +---------+---------+-------+---------+---------+-------
        D:5 |      14 |      42 |  75.0 |       1 |       1 |  50.0
            +---------+---------+-------+---------+---------+-------
